[Event "1st SOA-GM Festival 2024"]
[Site "Bhubaneswar"]
[Date "2024.02.02"]
[Round "8.14"]
[White "Roneet Das"]
[Black "Namitbir Singh Walia"]
[Result "1/2-1/2"]
[ECO "A45"]
[WhiteElo "2018"]
[BlackElo "2408"]
[Annotator "RC"]
[PlyCount "171"]
[EventDate "2024.02.01"]
[EventType "swiss"]
[EventCountry "IND"]
[SourceTitle "playchess.com"]
[Source "ChessBase"]
[SourceQuality "1"]
[TimeControl "5400+30"]

1. d4 Nf6 2. Bf4 g6 3. Nc3 d5 4. e3 Bg7 5. h4 h5 6. Nf3 O-O 7. Ne5 c5 8. Qd2 cxd4 9. exd4 Nc6 10. Nxc6 bxc6 11. Be2 Bf5 12. f3 Qc8 13. Na4 Nd7 14. g4 hxg4 15. h5 gxf3 16. Bxf3 Nb6 17. Nxb6 axb6 18. Qh2 gxh5 19. Kd2 Bg6 20. Bxh5 Qf5 21. Bxg6 fxg6 22. Qh7+ Kf7 23. Be5 Qf2+ 24. Kc1 Rg8 25. b3 Kf8 26. Kb2 Bxe5 27. Raf1 Bxd4+ 28. Kb1 Qf6 29. Rxf6+ Bxf6 30. Qh3 Kf7 31. Re1 Rxa2 32. Kc1 Rh8 33. Qe6+ Kg7 34. Kd2 Rh2+ 35. Re2 Rxe2+ 36. Qxe2 Kf7 37. Qg4 e6 38. Qb4 Ra6 39. Qd6 c5 40. Qd7+ Be7 41. Qb7 Ra1 42. Qxb6 Rf1 43. Qc7 Rf2+ 44. Kd3 g5 45. c3 Rf3+ 46. Kd2 Rf4 47. Qe5 Re4 48. Qh8 g4 49. Qh7+ Ke8 50. Qg8+ Kd7 51. Kd3 c4+ 52. bxc4 Rxc4 53. Qb8 Bf6 54. Qa7+ Ke8 55. Qa8+ Kf7 56. Qa7+ Kg6 57. Qd7 Rxc3+ 58. Kd2 Rc4 59. Qxe6 Rd4+ 60. Kc2 Kg5 61. Qg8+ Kh4 62. Qe6 Bg5 63. Qe5 Rd2+ 64. Kc3 g3 65. Qh8+ Kg4 66. Qc8+ Kf3 67. Qf5+ Bf4 68. Qh5+ Ke3 69. Qe8+ Kf2 70. Qf7 Kf3 71. Qh5+ Kg2 72. Qf5 d4+ 73. Kc4 Be3 74. Qe4+ Kf2 75. Qf5+ Ke1 76. Qb1+ Rd1 77. Qe4 Ke2 78. Qg4+ Kd2 79. Qxg3 Rc1+ 80. Kd5 d3 81. Qh2+ Kc3 82. Qe5+ Kd2 83. Qh2+ Kc3 84. Qe5+ Kd2 85. Qh2+ Kc3 86. Ke4 1/2-1/2

[Event "1st SOA-GM Festival 2024"]
[Site "Bhubaneswar"]
[Date "2024.02.02"]
[Round "8.15"]
[White "Gonzales, Jayson"]
[Black "Vrashank Chouhan"]
[Result "1-0"]
[ECO "D02"]
[WhiteElo "2367"]
[BlackElo "2046"]
[Annotator "RC"]
[PlyCount "199"]
[EventDate "2024.02.01"]
[EventType "swiss"]
[EventCountry "IND"]
[SourceTitle "playchess.com"]
[Source "ChessBase"]
[SourceQuality "1"]
[TimeControl "5400+30"]

1. d4 d5 2. Nf3 Nf6 3. g3 c5 4. c3 e6 5. Bg2 Be7 6. O-O O-O 7. Bg5 Nbd7 8. Nbd2 h6 9. Bxf6 Nxf6 10. dxc5 Bxc5 11. c4 Re8 12. cxd5 exd5 13. Nb3 Bb6 14. Nbd4 Bg4 15. Qd3 Qd7 16. Rad1 h5 17. Rd2 Rac8 18. Rc2 Rxc2 19. Qxc2 h4 20. Rd1 hxg3 21. hxg3 Ne4 22. Qd3 Bf5 23. Qb3 Bh3 24. e3 Bg4 25. Qd3 Qe7 26. Rf1 Qf6 27. Nh2 Bd7 28. Nhf3 Qh6 29. Re1 g5 30. Nc2 Qf6 31. Nb4 g4 32. Nxd5 Qf5 33. Nxb6 axb6 34. Qd1 gxf3 35. Qxf3 Qxf3 36. Bxf3 Bc6 37. Rc1 Re5 38. Rc4 f5 39. Rd4 Rc5 40. g4 Rc1+ 41. Kg2 Rc2 42. Bxe4 fxe4 43. Rb4 b5 44. Kg3 Kf7 45. a3 Kf6 46. Rb3 Kg5 47. Rb4 Rc1 48. b3 Rb1 49. Kh3 Ra1 50. a4 bxa4 51. bxa4 Rxa4 52. Rb1 Rc4 53. Kg3 b5 54. Rh1 b4 55. Rh8 b3 56. Rg8+ Kf6 57. Rb8 Ba4 58. Kf4 Rc5 59. g5+ Ke7 60. Rb7+ Kf8 61. Rb8+ Kg7 62. Rb7+ Kg6 63. Rb6+ Bc6 64. Rxb3 Rf5+ 65. Kg3 Kxg5 66. Rb8 Rc5 67. Rc8 Kf5 68. Rh8 Rc2 69. Rd8 Rc1 70. Kg2 Ke5 71. Rh8 Kd6 72. Rh5 Bd5 73. Kg3 Rg1+ 74. Kh2 Rg6 75. Rf5 Ke6 76. Rh5 Rf6 77. Kg3 Bc4 78. Rc5 Be2 79. Rc6+ Kf7 80. Rc7+ Kg6 81. Rc8 Bf3 82. Rc5 Rf5 83. Rc6+ Kh5 84. Rc7 Rg5+ 85. Kh3 Bg2+ 86. Kh2 Bf1 87. Re7 Rg4 88. Re8 Bg2 89. Rh8+ Kg5 90. Rg8+ Kf5 91. Rxg4 Kxg4 92. Kxg2 Kf5 93. Kh3 Kg5 94. Kg3 Kf5 95. Kh4 Ke6 96. Kg4 Ke5 97. Kg5 Ke6 98. Kf4 Kd5 99. Kf5 Kd6 100. Kxe4 1-0

[Event "1st SOA-GM Festival 2024"]
[Site "Bhubaneswar"]
[Date "2024.02.02"]
[Round "8.16"]
[White "Patil Priyanshu"]
[Black "Roy Chowdhury, Saptarshi"]
[Result "0-1"]
[ECO "B32"]
[WhiteElo "2022"]
[BlackElo "2233"]
[Annotator "RC"]
[PlyCount "126"]
[EventDate "2024.02.01"]
[EventType "swiss"]
[EventCountry "IND"]
[SourceTitle "playchess.com"]
[Source "ChessBase"]
[SourceQuality "1"]
[TimeControl "5400+30"]

1. e4 c5 2. Nf3 Nc6 3. d4 cxd4 4. Nxd4 e5 5. Nb5 d6 6. N1c3 a6 7. Na3 Be7 8. Nc4 b5 9. Ne3 Nf6 10. Bd3 O-O 11. a4 b4 12. Ncd5 Rb8 13. O-O Nxd5 14. exd5 Na5 15. f4 exf4 16. Rxf4 g6 17. Qf1 Bg5 18. Rf2 f5 19. Nc4 Bf6 20. Be3 Nxc4 21. Bxc4 Bxb2 22. Rb1 Bc3 23. Bxa6 Re8 24. Bxc8 Rxc8 25. Qd3 Qa5 26. Bf4 Re4 27. Kh1 Qxa4 28. Bxd6 Qa2 29. Rff1 Rd8 30. Qb5 Qxc2 31. Qb6 Rde8 32. Bg3 Qa4 33. Qc7 R4e7 34. Qc4 Re4 35. Qc7 R8e7 36. Qb6 Qa7 37. Qc6 Qb7 38. Qc5 Qa7 39. Qc6 Qd7 40. Qc5 h5 41. Qb6 Kh7 42. Bd6 Rf7 43. Bxb4 Bxb4 44. Rxb4 Rxb4 45. Qxb4 Qxd5 46. Qf4 Re7 47. h3 Re2 48. Qf3 Re4 49. Qc3 Re2 50. Qf3 Qxf3 51. Rxf3 Kg7 52. Kh2 Kf6 53. h4 Ke5 54. Rg3 Kf6 55. Rf3 Rd2 56. Kh3 Ke5 57. g3 Ke4 58. Ra3 Rd3 59. Ra6 f4 60. Rxg6 f3 61. Re6+ Kf5 62. Re8 Rd1 63. Re3 Rh1# 0-1

[Event "1st SOA-GM Festival 2024"]
[Site "Bhubaneswar"]
[Date "2024.02.02"]
[Round "8.17"]
[White "Dere Pushkar"]
[Black "Daaevik Wadhawan"]
[Result "0-1"]
[ECO "B22"]
[WhiteElo "2191"]
[BlackElo "1997"]
[Annotator "RC"]
[PlyCount "144"]
[EventDate "2024.02.01"]
[EventType "swiss"]
[EventCountry "IND"]
[SourceTitle "playchess.com"]
[Source "ChessBase"]
[SourceQuality "1"]
[TimeControl "5400+30"]

1. e4 c5 2. Nf3 e6 3. c3 d5 4. exd5 Qxd5 5. d4 Nf6 6. Na3 a6 7. Nc4 Nbd7 8. Be2 b5 9. Ne3 Qc6 10. a4 Bb7 11. Ne5 Nxe5 12. dxe5 Rd8 13. Qc2 Nd5 14. axb5 axb5 15. Nxd5 Rxd5 16. f4 c4 17. Bf3 Bc5 18. Qe2 Qb6 19. Bxd5 Bxd5 20. h4 O-O 21. Rh3 f6 22. Be3 fxe5 23. fxe5 Be4 24. O-O-O Bd3 25. Bxc5 Qxc5 26. Qe3 Qd5 27. Rf3 Ra8 28. Qd4 Qxd4 29. cxd4 Be2 30. Kd2 Bxd1 31. Kxd1 Rd8 32. Rf4 Rf8 33. Rg4 Rf2 34. Kc1 Kf7 35. h5 b4 36. g3 h6 37. Re4 Rf5 38. Rh4 Ke7 39. Kd2 Rf2+ 40. Kc1 Kf7 41. Rg4 Rf5 42. Rh4 g5 43. hxg6+ Kxg6 44. Rg4+ Rg5 45. Rf4 Rf5 46. Rg4+ Kf7 47. Rh4 h5 48. g4 Rf4 49. Rxh5 Rxg4 50. Rh7+ Rg7 51. Rh6 Ke7 52. d5 Rg1+ 53. Kd2 Rg2+ 54. Kc1 exd5 55. Rd6 b3 56. Rxd5 Rc2+ 57. Kb1 Re2 58. Kc1 Rc2+ 59. Kb1 Ke6 60. Rc5 Kf5 61. Rb5 Re2 62. Kc1 Kf4 63. Rc5 Ke3 64. Rd5 Ke4 65. Rd2 Re1+ 66. Rd1 Rxd1+ 67. Kxd1 Kxe5 68. Ke1 Kd5 69. Kd1 Kd4 70. Kd2 c3+ 71. bxc3+ Kc4 72. Kd1 Kd3 0-1

[Event "1st SOA-GM Festival 2024"]
[Site "Bhubaneswar"]
[Date "2024.02.02"]
[Round "8.18"]
[White "Nilssen, Ellen Fredericia"]
[Black "Kumar, Gaurav"]
[Result "1-0"]
[ECO "D35"]
[WhiteElo "2184"]
[BlackElo "1995"]
[Annotator "RC"]
[PlyCount "97"]
[EventDate "2024.02.01"]
[EventType "swiss"]
[EventCountry "IND"]
[SourceTitle "playchess.com"]
[Source "ChessBase"]
[SourceQuality "1"]
[TimeControl "5400+30"]

1. d4 Nf6 2. c4 e6 3. Nc3 d5 4. cxd5 exd5 5. Bg5 Be7 6. e3 Nbd7 7. Bd3 Nf8 8. Nge2 Ne6 9. Bh4 g6 10. O-O Ng7 11. Rc1 O-O 12. Kh1 c6 13. f3 Bf5 14. Bf2 Bxd3 15. Qxd3 Qd7 16. Na4 Rfe8 17. Nc5 Bxc5 18. dxc5 Qe7 19. Qb3 Ne6 20. Qc3 Nd7 21. b4 Ng7 22. Nd4 Ne5 23. Rfe1 f5 24. Bg3 Nh5 25. Bxe5 Qxe5 26. b5 Rac8 27. a4 Qf6 28. g3 Ng7 29. Qa5 Re7 30. Qxa7 Rce8 31. bxc6 bxc6 32. Qb6 Rxe3 33. Rxe3 Rxe3 34. Nxc6 Qe6 35. Nd4 Re1+ 36. Kg2 Qe3 37. Rxe1 Qxe1 38. c6 Qd2+ 39. Kf1 Ne6 40. Nxe6 Qd1+ 41. Kg2 Qe2+ 42. Kh3 Qxe6 43. Qd8+ Kg7 44. c7 f4+ 45. g4 Qe2 46. Qd7+ Kf6 47. g5+ Kxg5 48. Qg4+ Kh6 49. c8=Q 1-0

[Event "1st SOA-GM Festival 2024"]
[Site "Bhubaneswar"]
[Date "2024.02.02"]
[Round "8.19"]
[White "Jake Shanty"]
[Black "Aquino, Jethro Dino"]
[Result "0-1"]
[ECO "D04"]
[WhiteElo "1903"]
[BlackElo "2166"]
[Annotator "RC"]
[PlyCount "62"]
[EventDate "2024.02.01"]
[EventType "swiss"]
[EventCountry "IND"]
[SourceTitle "playchess.com"]
[Source "ChessBase"]
[SourceQuality "1"]
[TimeControl "5400+30"]

1. d4 Nf6 2. Nf3 g6 3. Nbd2 d5 4. b3 Bg7 5. Bb2 O-O 6. e3 b6 7. c4 e6 8. Be2 Bb7 9. O-O Nbd7 10. Rc1 Nb8 11. Ra1 Nbd7 12. Rc1 Rc8 13. b4 c5 14. bxc5 bxc5 15. cxd5 Bxd5 16. Bc4 Ne4 17. Bxd5 exd5 18. Nxe4 dxe4 19. Nd2 Re8 20. Nc4 Nb6 21. dxc5 Qxd1 22. Rfxd1 Rxc5 23. Nxb6 axb6 24. Bxg7 Kxg7 25. Rb1 Rc2 26. Rxb6 Ra8 27. g3 Raxa2 28. Rf1 Re2 29. h3 g5 30. Rbb1 f5 31. Rbe1 Red2 0-1

[Event "1st SOA-GM Festival 2024"]
[Site "Bhubaneswar"]
[Date "2024.02.02"]
[Round "8.20"]
[White "Dhananjay S"]
[Black "Nikhil Magizhnan"]
[Result "1-0"]
[ECO "A07"]
[WhiteElo "2151"]
[BlackElo "1994"]
[Annotator "RC"]
[PlyCount "80"]
[EventDate "2024.02.01"]
[EventType "swiss"]
[EventCountry "IND"]
[SourceTitle "playchess.com"]
[Source "ChessBase"]
[SourceQuality "1"]
[TimeControl "5400+30"]

1. Nf3 Nf6 2. b3 d5 3. Bb2 Bf5 4. g3 h6 5. Bg2 e6 6. O-O Be7 7. d3 O-O 8. Nbd2 Nbd7 9. e3 Bh7 10. Qe2 c5 11. e4 dxe4 12. dxe4 Qc7 13. Ne1 Nb6 14. c4 Rfd8 15. e5 Nfd7 16. f4 Nf8 17. Be4 Bf5 18. Bc3 Nbd7 19. g4 Bxe4 20. Nxe4 f6 21. exf6 Nxf6 22. Ng3 Qd7 23. h4 N6h7 24. g5 hxg5 25. hxg5 Ng6 26. Ng2 Bf8 27. Rae1 Re8 28. Qe4 Qf7 29. Rd1 Rad8 30. Rxd8 Rxd8 31. Re1 Rd6 32. f5 exf5 33. Nxf5 Ra6 34. Qg4 Rxa2 35. Rf1 Qe8 36. Re1 Qf7 37. Nge3 Ne7 38. Nd5 Ng6 39. Rf1 Qe8 40. Nde3 Qd8 1-0

[Event "1st SOA-GM Festival 2024"]
[Site "Bhubaneswar"]
[Date "2024.02.03"]
[Round "9.1"]
[White "Savchenko, Boris"]
[Black "Das, Sayantan"]
[Result "0-1"]
[ECO "D52"]
[WhiteElo "2489"]
[BlackElo "2514"]
[Annotator "RC"]
[PlyCount "148"]
[EventDate "2024.02.01"]
[EventType "swiss"]
[EventCountry "IND"]
[SourceTitle "playchess.com"]
[Source "ChessBase"]
[SourceQuality "1"]
[TimeControl "5400+30"]

1. d4 d5 2. c4 e6 3. Nc3 Nf6 4. Bg5 Nbd7 5. e3 c6 6. Nf3 Qa5 7. cxd5 Nxd5 8. Qd2 Bb4 9. Rc1 Nxc3 10. bxc3 Ba3 11. Rb1 b6 12. e4 Ba6 13. Bd3 O-O 14. c4 Qxd2+ 15. Bxd2 Rfe8 16. Ke2 Bf8 17. Be3 c5 18. d5 f5 19. exf5 exd5 20. cxd5 Bxd3+ 21. Kxd3 Nf6 22. Kc4 Re4+ 23. Kb5 Nxd5 24. Bd2 Rc8 25. Rhe1 Rxe1 26. Rxe1 c4 27. Ka6 Rc7 28. Re8 c3 29. Bc1 Rf7 30. Rc8 Nb4+ 31. Kb5 Rxf5+ 32. Kc4 Nxa2 33. Be3 c2 34. Kb3 c1=Q 35. Bxc1 Nxc1+ 36. Rxc1 Bc5 37. Rc2 a5 38. Ka4 h6 39. h3 Kf8 40. Re2 Rf4+ 41. Kb5 Kg8 42. Ra2 Re4 43. Kc6 a4 44. Kd5 Rb4 45. g3 Bf8 46. Kc6 b5 47. Kb6 Be7 48. Ka5 Bc5 49. Nd2 Kh7 50. f3 Be7 51. Kb6 Bf6 52. Ne4 Bd4+ 53. Kc6 Rb2 54. Ra3 Bf6 55. Kd6 Rc2 56. Nxf6+ gxf6 57. g4 Rb2 58. f4 Rb3 59. Ra2 a3 60. Ke6 Kg6 61. f5+ Kg5 62. h4+ Kxg4 63. Kxf6 b4 64. Kg6 Rb2 65. Ra1 a2 66. f6 b3 67. Kxh6 Rf2 68. Kg7 Kxh4 69. f7 Kg3 70. Rg1+ Kh2 71. Rd1 b2 72. Rd2 Rxd2 73. f8=Q Rg2+ 74. Kh8 a1=Q 0-1

[Event "1st SOA-GM Festival 2024"]
[Site "Bhubaneswar"]
[Date "2024.02.03"]
[Round "9.2"]
[White "Soham Kamotra"]
[Black "Ghosh, Diptayan"]
[Result "0-1"]
[ECO "E20"]
[WhiteElo "2348"]
[BlackElo "2568"]
[Annotator "RC"]
[PlyCount "98"]
[EventDate "2024.02.01"]
[EventType "swiss"]
[EventCountry "IND"]
[SourceTitle "playchess.com"]
[Source "ChessBase"]
[SourceQuality "1"]
[TimeControl "5400+30"]

1. d4 Nf6 2. c4 e6 3. Nf3 d5 4. g3 Bb4+ 5. Nc3 O-O 6. Bg2 dxc4 7. O-O Nc6 8. a3 Be7 9. e4 Na5 10. Be3 c6 11. Qc2 b5 12. Rad1 Bb7 13. h3 Nb3 14. g4 a6 15. Kh1 Qc7 16. e5 Nd5 17. Nxd5 exd5 18. Qf5 Qc8 19. Qh5 Qe6 20. Nh4 Qg6 21. Nxg6 hxg6 22. Bg5 gxh5 23. Bxe7 Rfe8 24. Bd6 hxg4 25. hxg4 Bc8 26. Bh3 Na5 27. f4 Nb7 28. Bb4 a5 29. Be1 c5 30. Kh2 b4 31. Kg3 cxd4 32. Rxd4 Nc5 33. Bg2 bxa3 34. bxa3 Bb7 35. Bc3 Nb3 36. Rxd5 Bxd5 37. Bxd5 Rad8 38. Rd1 Nc5 39. Kf3 Rd7 40. Bxa5 Ra8 41. Bxa8 Rxd1 42. Ke2 Rd3 43. Bb4 Ne6 44. Be4 Nxf4+ 45. Kf2 Rb3 46. g5 Nd3+ 47. Bxd3 Rxd3 48. Ke2 Kh7 49. a4 Rb3 0-1

[Event "1st SOA-GM Festival 2024"]
[Site "Bhubaneswar"]
[Date "2024.02.03"]
[Round "9.3"]
[White "Vignesh Advaith Vemula"]
[Black "Panda Sambit"]
[Result "1/2-1/2"]
[ECO "B12"]
[WhiteElo "2028"]
[BlackElo "2404"]
[Annotator "RC"]
[PlyCount "92"]
[EventDate "2024.02.01"]
[EventType "swiss"]
[EventCountry "IND"]
[SourceTitle "playchess.com"]
[Source "ChessBase"]
[SourceQuality "1"]
[TimeControl "5400+30"]

1. e4 c6 2. d4 d5 3. e5 Bf5 4. h4 h5 5. Bd3 Bxd3 6. Qxd3 Qa5+ 7. Nd2 e6 8. Ngf3 Nh6 9. O-O Nf5 10. Nb3 Qa6 11. Qd1 b6 12. Bg5 c5 13. dxc5 Bxc5 14. Re1 Nc6 15. Nxc5 bxc5 16. c3 Rc8 17. b3 Rc7 18. Qd2 Rd7 19. Rad1 Qb7 20. Be3 d4 21. cxd4 Ncxd4 22. Bxd4 cxd4 23. Qe2 O-O 24. Rd3 Rc8 25. Qd2 Rc5 26. g3 a5 27. Rd1 Qe4 28. Qe1 Qxe1+ 29. Rxe1 Kf8 30. Red1 Rcd5 31. Rc1 f6 32. Rc6 Kf7 33. a3 Ke7 34. exf6+ gxf6 35. Nd2 e5 36. Ne4 Rb5 37. Rf3 Nd6 38. Nxf6 e4 39. Rf4 d3 40. Nxe4 Rxb3 41. Kg2 Nf7 42. Nc5 d2 43. Re4+ Kd8 44. Ne6+ Ke7 45. Nc5+ Kd8 46. Ne6+ Ke7 1/2-1/2

[Event "1st SOA-GM Festival 2024"]
[Site "Bhubaneswar"]
[Date "2024.02.03"]
[Round "9.4"]
[White "Liyanage, Ranindu Dilshan"]
[Black "Fawzy, Adham"]
[Result "1/2-1/2"]
[ECO "B30"]
[WhiteElo "2366"]
[BlackElo "2522"]
[Annotator "RC"]
[PlyCount "71"]
[EventDate "2024.02.01"]
[EventType "swiss"]
[EventCountry "IND"]
[SourceTitle "playchess.com"]
[Source "ChessBase"]
[SourceQuality "1"]
[TimeControl "5400+30"]

1. e4 c5 2. Nf3 Nc6 3. Nc3 Nf6 4. Bb5 d6 5. e5 dxe5 6. Nxe5 Qc7 7. Bxc6+ bxc6 8. Qe2 Bf5 9. d3 e6 10. Bf4 Bd6 11. Bg3 O-O 12. Nc4 Bf4 13. O-O Bxg3 14. hxg3 Nd7 15. Qe3 Rab8 16. b3 e5 17. Ne4 f6 18. Nxc5 Rbe8 19. Na6 Qb7 20. Nc5 Qc7 21. Na6 Qb7 22. Nd6 Qxa6 23. Nxf5 g6 24. Nd6 Re6 25. Nc4 f5 26. Rfe1 Rfe8 27. a4 Qb7 28. Re2 Nf6 29. Rae1 Qg7 30. Qc1 e4 31. dxe4 fxe4 32. Nd2 Re5 33. Nf3 R5e7 34. Nd2 Re5 35. Nf3 R5e7 36. Nd2 1/2-1/2

[Event "1st SOA-GM Festival 2024"]
[Site "Bhubaneswar"]
[Date "2024.02.03"]
[Round "9.5"]
[White "Ayush Sharma"]
[Black "Neelash Saha"]
[Result "0-1"]
[ECO "B12"]
[WhiteElo "2378"]
[BlackElo "2446"]
[Annotator "RC"]
[PlyCount "74"]
[EventDate "2024.02.01"]
[EventType "swiss"]
[EventCountry "IND"]
[SourceTitle "playchess.com"]
[Source "ChessBase"]
[SourceQuality "1"]
[TimeControl "5400+30"]

1. e4 c6 2. d4 d5 3. e5 Bf5 4. Nf3 e6 5. Be2 Nd7 6. O-O a5 7. a4 f6 8. Re1 fxe5 9. dxe5 Bc5 10. Bd3 Ne7 11. Be3 Qb6 12. Nbd2 Bxe3 13. Rxe3 Nc5 14. Nd4 Nxd3 15. Nxf5 Nxf5 16. Rxd3 Qxb2 17. Nf3 Qb4 18. Rb3 Qe7 19. Rab1 b5 20. axb5 a4 21. Ra1 O-O 22. Rbb1 cxb5 23. Rxb5 Nh4 24. Nd4 Ng6 25. g3 Nxe5 26. Qe2 Qf6 27. Re1 Nf7 28. Nxe6 Rfe8 29. c4 a3 30. Rbb1 d4 31. c5 a2 32. Ra1 d3 33. Qe4 d2 34. Red1 Qxe6 35. Qxe6 Rxe6 36. Rxd2 Rea6 37. c6 Ne5 0-1

[Event "1st SOA-GM Festival 2024"]
[Site "Bhubaneswar"]
[Date "2024.02.03"]
[Round "9.6"]
[White "Tahbaz, Arash"]
[Black "Shahil Dey"]
[Result "0-1"]
[ECO "A07"]
[WhiteElo "2425"]
[BlackElo "2363"]
[Annotator "RC"]
[PlyCount "86"]
[EventDate "2024.02.01"]
[EventType "swiss"]
[EventCountry "IND"]
[SourceTitle "playchess.com"]
[Source "ChessBase"]
[SourceQuality "1"]
[TimeControl "5400+30"]

1. Nf3 d5 2. g3 g6 3. c4 dxc4 4. Qa4+ Nc6 5. Bg2 Bg7 6. O-O e5 7. Qxc4 Nge7 8. d3 O-O 9. Nc3 h6 10. Bd2 Be6 11. Qa4 f5 12. Rfd1 Nd4 13. Ne1 Nd5 14. e3 Nb6 15. Qa3 Nc6 16. b4 a6 17. Rac1 Qd7 18. Na4 Nxa4 19. Qxa4 Qf7 20. Bxc6 bxc6 21. Qxc6 Bd7 22. Qc4 Ba4 23. Qxf7+ Rxf7 24. Nc2 Rf6 25. d4 Rc6 26. Na3 Rd6 27. Re1 exd4 28. exd4 Rxd4 29. Bc3 Rd7 30. Bxg7 Kxg7 31. Nc4 Rb8 32. a3 Rbd8 33. Re6 Rd1+ 34. Rxd1 Rxd1+ 35. Kg2 Bb5 36. Ne5 Rd6 37. Re7+ Kf6 38. Nxg6 Kxg6 39. Rxc7 Rd3 40. f3 Rxa3 41. Kf2 Rb3 42. g4 fxg4 43. fxg4 Kg5 0-1

[Event "1st SOA-GM Festival 2024"]
[Site "Bhubaneswar"]
[Date "2024.02.03"]
[Round "9.7"]
[White "Ritviz, Parab"]
[Black "Nguyen Van Huy"]
[Result "1/2-1/2"]
[ECO "B19"]
[WhiteElo "2391"]
[BlackElo "2364"]
[Annotator "ChessBase"]
[PlyCount "129"]
[EventDate "2024.02.01"]
[EventType "swiss"]
[EventCountry "IND"]
[SourceTitle "playchess.com"]
[Source "ChessBase"]
[SourceQuality "1"]
[TimeControl "5400+30"]

1. e4 c6 2. d4 d5 3. Nc3 dxe4 4. Nxe4 Bf5 5. Ng3 Bg6 6. h4 h6 7. Nf3 e6 8. Ne5 Bh7 9. c3 Nd7 10. f4 Ngf6 11. Bd3 Bxd3 12. Qxd3 Be7 13. h5 O-O 14. Be3 c5 15. O-O-O Qc7 16. Ne4 Rad8 17. Nxf6+ Nxf6 18. Qe2 Nd5 19. dxc5 Bxc5 20. Bxc5 Qxc5 21. g3 b5 22. Kb1 b4 23. c4 Nb6 24. Rxd8 Rxd8 25. Rd1 Re8 26. b3 f6 27. Nd3 Qe7 28. Qe4 Rd8 29. Re1 a5 30. Kc2 Kf7 31. Qc6 Qd7 32. Qxd7+ Nxd7 33. Rd1 Ke7 34. a3 bxa3 35. Ra1 Nb8 36. Rxa3 Nc6 37. Kc3 e5 38. fxe5 fxe5 39. Ra1 Rf8 40. Kd2 Rf3 41. Re1 Kd6 42. Re3 Rf1 43. Kc3 Rh1 44. g4 Rg1 45. Nf2 Rg2 46. Ne4+ Ke6 47. Rg3 Re2 48. Kd3 Re1 49. Nc5+ Kd6 50. Ne4+ Ke7 51. Re3 Rg1 52. Rg3 Rd1+ 53. Ke2 Rb1 54. Nd2 Rh1 55. Nf3 Kd6 56. Kd3 Kc5 57. Ke4 Kd6 58. Rg2 Ke6 59. Rd2 Rc1 60. Rd5 Rc2 61. Rc5 Kd6 62. Rd5+ Ke6 63. Rc5 Kd6 64. Rd5+ Ke6 65. Rxe5+ 1/2-1/2

[Event "1st SOA-GM Festival 2024"]
[Site "Bhubaneswar"]
[Date "2024.02.03"]
[Round "9.8"]
[White "Subhayan Kundu"]
[Black "Rajesh, V A V"]
[Result "1-0"]
[ECO "C75"]
[WhiteElo "2385"]
[BlackElo "2331"]
[Annotator "ChessBase"]
[PlyCount "97"]
[EventDate "2024.02.01"]
[EventType "swiss"]
[EventCountry "IND"]
[SourceTitle "playchess.com"]
[Source "ChessBase"]
[SourceQuality "1"]
[TimeControl "5400+30"]

1. e4 e5 2. Nf3 Nc6 3. Bb5 a6 4. Ba4 Nge7 5. c3 d6 6. O-O Ng6 7. d4 Bd7 8. d5 Nb8 9. c4 Be7 10. Nc3 O-O 11. Bxd7 Qxd7 12. Be3 a5 13. Ne1 f5 14. f3 Na6 15. Nd3 f4 16. Bf2 Nc5 17. Nb5 Rfd8 18. b3 Ra6 19. Kh1 Kh8 20. Qc2 Rda8 21. Rfd1 Nxd3 22. Qxd3 b6 23. a3 Bh4 24. Bg1 Nf8 25. Qf1 Be7 26. b4 Qc8 27. Rac1 Nd7 28. Ra1 Bf8 29. Bf2 Be7 30. Qe1 Qd8 31. Qc3 Qc8 32. Qb2 Bf8 33. g3 fxg3 34. hxg3 c5 35. dxc6 Qxc6 36. Nxd6 axb4 37. Qxb4 Ra5 38. Qd2 Nf6 39. Kg2 Kg8 40. c5 Rxa3 41. Rxa3 Rxa3 42. Qb4 Qa4 43. Qxa4 Rxa4 44. c6 Bxd6 45. Rxd6 Rc4 46. Bxb6 Kf7 47. c7 Ne8 48. Rd8 Nxc7 49. Rd7+ 1-0

[Event "1st SOA-GM Festival 2024"]
[Site "Bhubaneswar"]
[Date "2024.02.03"]
[Round "9.9"]
[White "Sammed Jaykumar, Shete"]
[Black "Nilssen, Ellen Fredericia"]
[Result "1-0"]
[ECO "B90"]
[WhiteElo "2441"]
[BlackElo "2184"]
[Annotator "RC"]
[PlyCount "83"]
[EventDate "2024.02.01"]
[EventType "swiss"]
[EventCountry "IND"]
[SourceTitle "playchess.com"]
[Source "ChessBase"]
[SourceQuality "1"]
[TimeControl "5400+30"]

1. e4 c5 2. Nf3 d6 3. d4 cxd4 4. Nxd4 Nf6 5. Nc3 a6 6. Nb3 e6 7. g4 b5 8. a3 Bb7 9. Bg2 Be7 10. g5 Nfd7 11. h4 Nc5 12. Nd4 Nbd7 13. f4 h6 14. b4 Na4 15. Nxa4 bxa4 16. O-O hxg5 17. hxg5 g6 18. Bb2 e5 19. Ne2 Qb6+ 20. Rf2 Rh7 21. Nc3 exf4 22. Nd5 Bxd5 23. Qxd5 Rc8 24. c4 Qe3 25. Rd1 f3 26. Bxf3 Qxg5+ 27. Qxg5 Bxg5 28. Rc2 Ke7 29. c5 dxc5 30. Kf1 Rc7 31. bxc5 Bf6 32. e5 Bxe5 33. c6 Bxb2 34. cxd7 Rxd7 35. Rxd7+ Kxd7 36. Rxb2 Rh4 37. Rb7+ Kd6 38. Rb6+ Kc5 39. Rxa6 g5 40. Ra5+ Kc4 41. Rxa4+ Kb3 42. Bd1+ 1-0

[Event "1st SOA-GM Festival 2024"]
[Site "Bhubaneswar"]
[Date "2024.02.03"]
[Round "9.10"]
[White "Roy Chowdhury, Saptarshi"]
[Black "Tologon tegin, Semetei"]
[Result "0-1"]
[ECO "B51"]
[WhiteElo "2233"]
[BlackElo "2384"]
[Annotator "RC"]
[PlyCount "68"]
[EventDate "2024.02.01"]
[EventType "swiss"]
[EventCountry "IND"]
[SourceTitle "playchess.com"]
[Source "ChessBase"]
[SourceQuality "1"]
[TimeControl "5400+30"]

1. e4 c5 2. Nf3 Nc6 3. Bb5 d6 4. O-O Bd7 5. Re1 Nf6 6. c3 a6 7. Bf1 Bg4 8. h3 Bxf3 9. Qxf3 e6 10. d3 Be7 11. Nd2 O-O 12. Qd1 d5 13. e5 Nd7 14. Nf3 b5 15. Bf4 Re8 16. c4 Nf8 17. b3 Ng6 18. Bg3 Rb8 19. Rc1 Rb7 20. cxb5 axb5 21. d4 c4 22. a4 Na5 23. bxc4 bxc4 24. Ra1 Nb3 25. Ra2 h5 26. h4 Nxh4 27. Bxh4 Bxh4 28. a5 Be7 29. a6 Rb5 30. Re3 Qb6 31. Rb2 g6 32. Kh1 Ra8 33. Ra2 Kg7 34. Rb2 Nxd4 0-1

[Event "1st SOA-GM Festival 2024"]
[Site "Bhubaneswar"]
[Date "2024.02.03"]
[Round "9.11"]
[White "Aquino, Jethro Dino"]
[Black "Gonzales, Jayson"]
[Result "1-0"]
[ECO "C10"]
[WhiteElo "2166"]
[BlackElo "2367"]
[Annotator "ChessBase"]
[PlyCount "90"]
[EventDate "2024.02.01"]
[EventType "swiss"]
[EventCountry "IND"]
[SourceTitle "playchess.com"]
[Source "ChessBase"]
[SourceQuality "1"]
[TimeControl "5400+30"]

1. e4 e6 2. d4 d5 3. Nd2 dxe4 4. Nxe4 Bd7 5. Nf3 Bc6 6. Bd3 Nd7 7. O-O Ngf6 8. Ned2 Be7 9. c4 O-O 10. Qe2 Re8 11. b3 b6 12. Bb2 Qc8 13. a3 Qb7 14. b4 a6 15. g3 Rad8 16. Rfc1 Qa7 17. c5 b5 18. a4 Qb7 19. Ne1 Nd5 20. Nb3 Qc8 21. Nc2 Bf6 22. Na5 Ba8 23. axb5 e5 24. Bf5 exd4 25. Qg4 Ne7 26. c6 Nxf5 27. Qxf5 Ne5 28. Qxc8 Rxc8 29. bxa6 Rcd8 30. Rd1 d3 31. Nd4 Rxd4 32. Bxd4 Nf3+ 33. Kg2 Nxd4 34. Rac1 Nc2 35. b5 Na3 36. b6 cxb6 37. Nb7 Nc2 38. Rxd3 Nb4 39. Rd7 Nxa6 40. Nd6 Rf8 41. Ra7 Nc5 42. Rxa8 Rxa8 43. c7 Be5 44. c8=Q+ Rxc8 45. Nxc8 g6 1-0